 Dungeon Crawl Stone Soup version 0.26.1-11-gd32895ea62 (webtiles) character file.

Game seed: 1173386650929370517

1036 bnorton916 the Chiller (level 8, 0/49 (52) HPs)
             Began as a Barachi Ice Elementalist on June 3, 2021.
             Slain by a wight
             ... wielding a +3 falchion
              (7 damage)
             ... on level 6 of the Dungeon.
             The game lasted 00:20:37 (6317 turns).

bnorton916 the Chiller (Barachi Ice Elementalist)   Turns: 6317, Time: 00:20:39

HP:   0/49 (52)     AC:  3    Str: 10    XL:     8   Next: 24%
MP:   16/17         EV: 12    Int: 17    God:
Gold: 34            SH:  0    Dex: 13    Spells: 9/20 levels left

rFire    . . .     SeeInvis .   D - +2 falchion (flame)
rCold    . . .     Faith    .   (no shield)
rNeg     . . .     Spirit   .   a - +0 robe
rPois    .         Reflect  .   (no helmet)
rElec    .         Harm     .   v - +0 cloak
rCorr    .         Rampage  .   (no gloves)
Will     .....                  (no boots)
Stlth    ++........             (no amulet)
HPRegen  0.16/turn              s - ring of flight
MPRegen  0.15/turn              (no ring)

@: mighty, drained, slow
A: +LOS, swims, slowness 1, strong legs 1
a: Hop, Evoke Flight


You were on level 6 of the Dungeon.
You visited 1 branch of the dungeon, and saw 8 of its levels.

You collected 225 gold pieces.
You spent 191 gold pieces at shops.

Inventory:

Hand Weapons
 c - a +0 spear
 f - a +0 dagger
 k - a +0 scimitar
 w - a +0 morningstar of protection
 y - a +2 dagger of venom
 D - a +2 falchion of flaming (weapon)
Missiles
 r - 39 stones (quivered)
Armour
 a - a +0 robe (worn)
 p - a +0 leather armour
 v - a +0 cloak (worn)
Jewellery
 s - a ring of flight (left hand)
Wands
 x - a wand of digging (5)
 B - a wand of random effects (16)
Scrolls
 g - a scroll of fear {unknown}
 j - 2 scrolls of blinking
 l - a scroll of remove curse
 n - 2 scrolls of noise {unknown}
 q - 2 scrolls of amnesia
 t - 3 scrolls of teleportation
 z - 3 scrolls of identify
 A - a scroll of immolation {unknown}
 C - 2 scrolls of magic mapping {unknown}
 E - a scroll of holy word {unknown}
Potions
 b - 4 potions of might
 d - a potion of degeneration {unknown}
 e - a potion of attraction {unknown}
 h - 2 potions of lignification
 m - 2 potions of flight
 o - a potion of berserk rage
 u - a potion of haste


   Skills:
 - Level 0.2 Fighting
 - Level 0.4(1.8) Short Blades
 + Level 3.1(3.2) Long Blades
 - Level 2.1 Dodging
 - Level 1.7 Stealth
 + Level 6.5 Spellcasting
 + Level 5.5 Summonings
 - Level 6.8 Ice Magic


You had 9 spell levels left.
You knew the following spells:

 Your Spells              Type           Power        Failure   Level
a - Freeze                Ice            100%         1%          1
b - Frozen Ramparts       Ice            56%          2%          3
c - Ozocubu's Armour      Ice            28%          2%          3
d - Summon Ice Beast      Ice/Summ       26%          10%         4

Your spell library contained the following spells:

 Spells                   Type           Power        Failure   Level
 Hailstorm                Conj/Ice       17%          30%         4


Dungeon Overview and Level Annotations

Branches:
Dungeon (8/15)
 Temple: D:4-7         Lair: D:8-11

Altars:
Cheibriados
Hepliaklqana
Ru
Uskayaw
Yredelemnul
Zin

Shops:
D:5 (

Annotations:
D:4 2 transporters, Grinder; TheGreatAnchovy's ghost, novice OpBr
D:8 Erica


Innate Abilities, Weirdness & Mutations

You can be seen from farther away. (+LOS)
You can swim through water.
You cover ground slowly.
You can hop short distances.


Message History

Found a scroll of identify.
Things that are here:
a +1 falchion of pain; a +0 robe A wight comes into view.
It is wielding a +3 falchion.
The wight barely misses you.
You hit the wight. You burn the wight.
The wight is heavily damaged.
The wight barely misses you.
You riposte.
You completely miss the wight.
The wight is heavily damaged.
You hit the wight but do no damage.
The wight is heavily damaged.
The wight barely misses you.
You hit the wight. You burn the wight.
The wight is almost destroyed.
The wight closely misses you. The wight hits you with a +3 falchion!
* * * LOW HITPOINT WARNING * * *
You closely miss the wight.
The wight is almost destroyed.
The wight hits you with a +3 falchion!
You die...

#.## #.... ##... #....#
..... .# .........#
#..#######..?.
.........# #....z....#
.........# ##...@z....#
.........###...)####..#
.........##...?.# #
.........#...#..# ##..#.
............##..#.......
............##.......#
........>....)†####..#
..........#....# #
..........##...#


You could see 2 wights.

Vanquished Creatures
  An orc warrior (D:6)
  A necrophage (D:6)
  A sky beast (D:5)
  2 centaurs
  A bullfrog (D:7)
  A scorpion (D:5)
  2 wights (D:6)
  An orc priest (D:6)
  A jelly (D:6)
  An orc wizard (D:6)
  Natasha (twice) (D:4)
  2 worker ants
  Ijyb (D:5)
  6 adders
  A shadow imp (D:5)
  A white imp (D:5)
  2 ufetubi (D:5)
  3 dart slugs
  7 leopard geckos
  17 orcs
  2 ball pythons
  8 bats
  5 giant cockroaches
  3 goblins
  9 hobgoblins
  6 jackals
  6 kobolds
  3 quokkas
  9 frilled lizards
  A jackal zombie (D:5)
  A quokka skeleton (D:6)
  5 rats
112 creatures vanquished.

Notes
Turn   | Place    | Note
-------+----------+-------------------------------------------
     0 | D:1      | bnorton916 the Barachi Ice Elementalist began the quest for
                  | the Orb.
     0 | D:1      | Reached XP level 1. HP: 13/13 MP: 3/3
    56 | D:1      | Reached skill level 5 in Ice Magic
   119 | D:1      | Reached XP level 2. HP: 17/19 MP: 1/5
   563 | D:1      | Reached XP level 3. HP: 24/24 MP: 4/7
   681 | D:1      | Learned a level 3 spell: Frozen Ramparts
   685 | D:1      | Learned a level 3 spell: Ozocubu's Armour
  1350 | D:2      | Found a glowing silver altar of Zin.
  1350 | D:2      | Found a sacrificial altar of Ru.
  1350 | D:2      | Found a hazy altar of Hepliaklqana.
  1703 | D:2      | Reached XP level 4. HP: 25/30 MP: 3/8
  2256 | D:3      | Found a basalt altar of Yredelemnul.
  2533 | D:3      | Reached XP level 5. HP: 35/35 MP: 6/10
  2732 | D:4      | Noticed Grinder
  2978 | D:4      | Noticed TheGreatAnchovy's ghost (novice OpBr)
  2981 | D:4      | Found a transporter.
  2989 | D:4      | Found a transporter.
  3108 | D:4      | Found a hide-covered altar of Uskayaw.
  3119 | D:4      | Noticed Natasha
  3132 | D:4      | Killed Natasha
  3443 | D:5      | Entered Level 5 of the Dungeon
  3445 | D:5      | Noticed a phantom
  3487 | D:4      | Learned a level 4 spell: Summon Ice Beast
  3567 | D:5      | Noticed Ijyb
  3573 | D:5      | Reached XP level 6. HP: 29/41 MP: 8/12
  3576 | D:5      | Killed Ijyb
  3577 | D:5      | Reached skill level 1 in Summonings
  3859 | D:5      | Noticed a sky beast
  3873 | D:5      | Killed a sky beast
  4059 | D:5      | Reached skill level 5 in Spellcasting
  4287 | D:5      | You fall into a shaft and drop 3 floors!
  4287 | D:8      | Noticed a hornet
  4288 | D:8      | Found a snail-covered altar of Cheibriados.
  4290 | D:8      | Noticed an orc warrior
  4291 | D:8      | Noticed Erica
  4452 | D:7      | Reached XP level 7. HP: 23/46 MP: 6/15
  4772 | D:5      | Found Kemnuh's Weapon Shop.
  5237 | D:4      | Noticed Natasha
  5243 | D:4      | Killed Natasha
  5416 | D:5      | Bought a +2 falchion of flaming for 191 gold pieces
  5575 | D:5      | Reached skill level 1 in Long Blades
  6045 | D:6      | Reached skill level 5 in Summonings
  6045 | D:6      | Reached XP level 8. HP: 20/52 MP: 4/17
  6317 | D:6      | Slain by a wight

Illustrated notes

Levels and vault maps discovered:
D:1:      lightli_arrival_lavapool, layout_rooms
D:2:      layout_basic, gammafunk_temple_overflow_claw
D:3:      layout_rooms, lemuel_crystal_altar
D:4:      layout_gridville, eat_drink_and_be_merry_uskayaw,
          minmay_temple_entry_crystal_x, gammafunk_ghost_arena, uniq_natasha,
          uniq_grinder
D:5:      layout_basic, serial_shops, kennysheep_mini_moat, minivault_25,
          uniq_ijyb
D:6:      layout_layer_cave, grunt_qazlal_clouds, lemuel_blue_sif_altar,
          basic_altar, minmay_shop_grid_forest, minmay_hollow_rounded_squares,
          uniq_maggie
D:7:      layout_loops_cross, uniq_menkaure
D:8:      layout_basic, overflow_temple_1_default, tgw_fedhas,
          lemuel_statue_altar, uniq_joseph, uniq_erica

Skill      XL: |  1  2  3  4  5  6  7  8 |
---------------+-------------------------+-----
Ice Magic      | 5 6 |  6.8
Spellcasting   | 3 4 5 6 |  6.5
Summonings     | 3 5 |  5.5
Long Blades    | 2 3 |  3.1
Fighting       | |  0.2
Short Blades   | |  0.4
Dodging        | |  2.1
Stealth        | |  1.7

Action                   |  1- 3 |  4- 6 |  7- 9 || total
-------------------------+-------+-------+-------++-------
Melee: Dagger            |     1 |    36 |    12 ||    49
       Falchion          |       |       |    33 ||    33
Throw: Stone             |       |     1 |     3 ||     4
 Cast: Freeze            |    52 |    60 |    28 ||   140
       Frozen Ramparts   |     3 |     9 |     7 ||    19
       Ozocubu's Armour  |     1 |     1 |     5 ||     7
 Abil: Hop               |     1 |     1 |       ||     2
Evoke: Wand              |       |       |     7 ||     7
  Use: Scroll            |       |     6 |     3 ||     9
       Potion            |       |     1 |     5 ||     6
Armor: Robe              |     6 |    28 |    11 ||    45
Dodge: Dodged            |    28 |    65 |    53 ||   146
       Rpst.: Falchion   |       |       |    12 ||    12
